 Dungeon Crawl Stone Soup version 0.18.1-50-g88ac8fd (webtiles) character file.

26232 blv the Severer (level 12, -12/187 HPs)
             Began as a Minotaur Berserker on Oct 21, 2016.
             Was the Champion of Trog.
             Mangled by an ettin
             ... wielding a +0 dire flail of venom
              (22 damage)
             ... on level 1 of the Orcish Mines on Oct 22, 2016.
             The game lasted 00:55:32 (16184 turns).

blv the Severer (Minotaur Berserker)               Turns: 16184, Time: 00:55:35

Health: -12/187    AC: 18    Str: 38    XL:     12   Next: 96%
Magic:  3/3        EV:  9    Int:  9    God:    Trog [******]
Gold:   1153       SH:  0    Dex: 10    Spells: 0 memorised, 11 levels left

rFire  . . .     SeeInvis .     U - +2 executioner's axe (antimagic)
rCold  + . .     Gourm    .     I - +0 plate armour
rNeg   . . .     Faith    .     (shield currently unavailable)
rPois  +         Spirit   .     (helmet restricted)
rElec  .         Dismiss  .     n - +0 cloak
rCorr  .         Reflect  .     D - +2 pair of gloves
SustAt .         Harm     .     f - +2 pair of boots
MR     .....                    (no amulet)
Stlth  ..........               S - ring of Charity {rPois rC+ Str+2 Int+5}
                                P - +4 ring of strength

@: berserking, lethally poisoned (-12 -> -12), very quick, not resistant to
hostile enchantments, extremely unstealthy
A: retaliatory headbutt, horns 2
a: Berserk, Trog's Hand, Brothers in Arms, Burn Spellbooks, Renounce Religion


You were on level 1 of the Orcish Mines.
You worshipped Trog.
Trog was exalted by your worship.
You were not hungry.

You visited 3 branches of the dungeon, and saw 16 of its levels.

You collected 1153 gold pieces.

Inventory:

Hand Weapons
 x - a +0 trident of flaming
 C - a +2 battleaxe of electrocution
 U - a +2 antimagic executioner's axe (weapon)
Armour
 f - a +2 pair of boots (worn)
 n - a +0 cloak (worn)
 D - a +2 pair of gloves (worn)
 F - a +0 chain mail
 I - a +0 plate armour (worn)
Jewellery
 w - an uncursed ring of ice
 P - a +4 ring of strength (left hand)
 S - the ring of Charity (right hand) {rPois rC+ Str+2 Int+5}
   (You found it on level 12 of the Dungeon)

   [ring of poison resistance]

   It affects your strength (+2).
   It affects your intelligence (+5).
   It protects you from cold.
   It protects you from poison.
 Y - a +3 ring of dexterity {unknown}
Wands
 a - a wand of lightning (10/15)
 l - a wand of digging (15/24)
 r - a wand of iceblast (7/15)
 y - a wand of flame (19/48)
 E - a wand of flame (28/48)
 G - a wand of flame (25/48)
 K - a wand of acid (9/15)
 M - a wand of iceblast (6/15)
 N - a wand of iceblast (6/15)
 O - a wand of slowing (20/48)
Scrolls
 b - 4 scrolls of remove curse
 g - a scroll of holy word {unknown}
 h - 2 scrolls of teleportation
 o - a scroll of magic mapping {unknown}
 q - 4 scrolls of recharging {unknown}
 s - a scroll of blinking
 W - a scroll of fear
 X - 2 scrolls of identify
Potions
 d - a potion of agility {unknown}
 e - a potion of ambrosia {unknown}
 i - 3 potions of curing
 j - a potion of resistance {unknown}
 k - 5 potions of flight {unknown}
 t - a potion of berserk rage {unknown}
 u - a potion of haste {unknown}
 v - a potion of brilliance {unknown}
 z - 2 potions of heal wounds {unknown}
 A - a potion of cancellation {unknown}
 Q - a potion of lignification {unknown}
 R - a potion of mutation {unknown}
Books
 H - a book of Frost

   Spells                             Type                      Level
   a - Freeze                         Ice                          1
   b - Throw Frost                    Conjuration/Ice              2
   c - Ozocubu's Armour               Charms/Ice                   3
   d - Throw Icicle                   Conjuration/Ice              4
   e - Summon Ice Beast               Ice/Summoning                4
   Trog disapproves of the use of such an item.
 J - a book of the Dragon

   Spells                             Type                      Level
   a - Flame Tongue                   Conjuration/Fire             1
   b - Cause Fear                     Hexes                        4
   c - Bolt of Fire                   Conjuration/Fire             6
   d - Dragon Form                    Transmutation                7
   e - Dragon's Call                  Summoning                    9
   Trog disapproves of the use of such an item.
 T - a book of Unlife

   Spells                             Type                      Level
   a - Recall                         Summoning/Translocation      3
   b - Animate Dead                   Necromancy                   4
   c - Control Undead                 Necromancy                   4
   d - Cigotuvi's Embrace             Necromancy                   5
   e - Death Channel                  Necromancy                   6
   f - Simulacrum                     Ice/Necromancy               6
   Trog disapproves of the use of such an item.
Comestibles
 c - 14 bread rations
 m - 5 meat rations
 p - 6 beef jerkies
 B - 18 fruits
 L - a slice of pizza
 V - 12 royal jellies


   Skills:
 + Level 17.5 Fighting
 + Level 17.6 Axes
 - Level 2.7 Armour
 - Level 2.3 Dodging


You had 11 spell levels left.
You didn't know any spells.

Dungeon Overview and Level Annotations

Branches:
Dungeon (14/15)            Temple (1/1) D:6            Lair (0/8) D:9
    Orc (1/2) D:12
 Vaults: D:13-14

Altars:
Ashenzari
Cheibriados
Dithmenos
Elyvilon
Fedhas
Gozag
Kikubaaqudgha
Makhleb
Nemelex Xobeh
Okawaru
Pakellas
Qazlal
Ru
Sif Muna
Trog
Vehumet
Xom
Yredelemnul
Zin
The Shining One


Innate Abilities, Weirdness & Mutations

You reflexively headbutt those who attack you in melee.
You have a pair of horns on your head.


Message History

You are too injured to fight recklessly!
You feel a strong urge to attack something.
You feel sick. The ettin barely misses you.
The ettin hits you with a dire flail.
* * * LOW HITPOINT WARNING * * *
You slice the ettin like a ripe choko!!!
The ettin is heavily wounded.
You slash the orc priest!
You kill the orc priest!
Trog accepts your kill.
You slash the orc warrior!
The orc warrior is heavily wounded.
The orc warrior hits you but does no damage.
You slash the ettin! You headbutt the ettin.
The ettin is almost dead.
You hit the orc warrior.
The orc warrior is heavily wounded.
You feel sick.
The ettin hits you with a dire flail of venom!!
You die...

....# #...
....### ##...
#.....# .....
......# ....
#.....#
#..####.....##
#.....#C[....#
#....)@o...#
###.O)...###
##......###
#<#..####
.........###
###..##$## #$
...# # ....#
....#


You could see an ettin, an orc warrior and an ogre.

Vanquished Creatures
  Harold (D:10)
  2 hydras
  Erica (D:9)
  Erolcha (D:8)
  A centaur warrior (D:13)
  Urug (D:10)
  2 unseen horrors (D:13)
  2 hill giants
  Pikel (D:5)
  An ugly thing (D:12)
  A manticore (D:13)
  A cyclops (D:12)
  Psyche (D:8)
  2 gargoyles
  A centaur skeleton (D:10)
  A queen bee (D:12)
  Prince Ribbit (D:8)
  2 two-headed ogres
  3 slime creatures (D:13)
  3 vampires
  2 shadows
  4 wyverns
  3 wraiths
  Sigmund (D:3)
  5 yaks
  2 hippogriffs (D:9)
  2 hungry ghosts
  4 vampire mosquitoes (D:13)
  A mottled dragon (D:12)
  A soldier ant (D:11)
  4 water moccasins
  The ghost of sheala the Magician, an amateur DEWz (D:4)
  A black bear (D:10)
  4 ice beasts
  10 orc warriors
  3 phantoms
  2 sky beasts
  A slave (D:5)
  A wasp (D:13)
  6 ogres
  An eye of draining (D:12)
  6 necrophages
  16 centaurs
  6 big kobolds
  Blork the orc (D:6)
  12 giant frogs
  2 gnoll sergeants
  7 scorpions
  30 killer bees (D:12)
  8 wights
  A howler monkey (D:7)
  6 crimson imps
  2 giant frog zombies (D:7)
  A quasit (D:7)
  Crazy Yiuf (D:2)
  4 centaur zombies
  9 hounds
  13 orc priests
  2 giant frog skeletons
  4 jellies
  2 iguanas
  25 orc wizards
  14 worker ants
  A killer bee zombie (D:9)
  2 sheep (D:9)
  2 hound skeletons
  A mummy (D:9)
  16 gnolls
  11 adders
  5 shadow imps
  An ooze (D:3)
  An adder skeleton (D:6)
  An adder zombie (D:5)
  4 dart slugs
  A worm (D:2)
  3 giant geckos
  69 orcs
  4 bats
  10 giant cockroaches
  7 goblins
  14 hobgoblins
  14 jackals
  28 kobolds
  7 quokkas
  4 ball pythons
  2 giant gecko skeletons
  7 giant newts
  A quokka skeleton (D:6)
  6 rats
  A rat zombie (D:4)
  2 butterflies (D:6)
  2 plants (D:7)
487 creatures vanquished.

Vanquished Creatures (others)
  A slave (D:5)
  A hound zombie (D:5)
  An adder skeleton (D:5)
  An orc (D:5)
  A plant (D:6)
5 creatures vanquished.

Grand Total: 492 creatures vanquished

Notes
Turn   | Place    | Note
--------------------------------------------------------------
     0 | D:1      | blv the Minotaur Berserker began the quest for the Orb.
     0 | D:1      | Reached XP level 1. HP: 19/19 MP: 0/0
    23 | D:1      | Reached XP level 2. HP: 27/27 MP: 1/1
   171 | D:1      | Reached ** piety under Trog
   545 | D:1      | Reached XP level 3. HP: 33/33 MP: 2/2
   909 | D:2      | Noticed Crazy Yiuf
   922 | D:2      | Killed Crazy Yiuf
   922 | D:2      | Reached XP level 4. HP: 19/41 MP: 3/3
  1412 | D:2      | Reached skill level 5 in Axes
  1546 | D:3      | Reached skill level 5 in Fighting
  1604 | D:3      | Found a radiant altar of Vehumet.
  1630 | D:3      | Reached XP level 5. HP: 47/48 MP: 4/4
  1665 | D:3      | Reached *** piety under Trog
  1990 | D:3      | Noticed Sigmund
  2007 | D:3      | Killed Sigmund
  2007 | D:3      | Reached XP level 6. HP: 31/58 MP: 5/5
  2361 | D:4      | Reached **** piety under Trog
  2468 | D:4      | Found a snail-covered altar of Cheibriados.
  2482 | D:4      | Noticed sheala's ghost (amateur DEWz)
  2487 | D:4      | Killed sheala's ghost
  2487 | D:4      | Reached XP level 7. HP: 66/66 MP: 6/6
  2652 | D:4      | Found a snail-covered altar of Cheibriados.
  3460 | D:4      | Found an ancient bone altar of Kikubaaqudgha.
  3767 | D:5      | Entered Level 5 of the Dungeon
  3794 | D:5      | Found a sparkling altar of Nemelex Xobeh.
  3800 | D:5      | Found a basalt altar of Yredelemnul.
  4096 | D:5      | Noticed Pikel
  4117 | D:5      | Killed Pikel
  4117 | D:5      | Reached XP level 8. HP: 58/78 MP: 7/7
  4418 | D:5      | Reached skill level 10 in Fighting
  4418 | D:5      | Reached skill level 10 in Axes
  4740 | D:6      | Reached XP level 9. HP: 26/86 MP: 8/8
  5572 | D:6      | Reached ***** piety under Trog
  6108 | D:6      | Noticed Blork the orc
  6111 | D:6      | Killed Blork the orc
  6349 | D:6      | Found a staircase to the Ecumenical Temple.
  6389 | Temple   | Entered the Ecumenical Temple
  7585 | D:7      | Found a blossoming altar of Fedhas.
  7629 | D:7      | Reached XP level 10. HP: 94/99 MP: 9/9
  7649 | D:7      | Found a shimmering altar of Xom.
  7725 | D:7      | Found a burning altar of Makhleb.
  8037 | D:7      | Found a deep blue altar of Sif Muna.
  8184 | D:7      | Found a shattered altar of Ashenzari.
  8185 | D:7      | Received a gift from Trog
  8422 | D:8      | Noticed Psyche
  8429 | D:8      | Killed Psyche
  8496 | D:8      | Noticed Erolcha
  8506 | D:8      | Killed Erolcha
  8759 | D:8      | Noticed Prince Ribbit
  8767 | D:8      | Killed Prince Ribbit
  9122 | D:8      | Found a glowing silver altar of Zin.
  9392 | D:9      | Found a staircase to the Lair.
  9837 | D:9      | Reached XP level 11. HP: 110/110 MP: 10/10
  9879 | D:9      | Noticed a three-headed hydra
  9888 | D:9      | Killed a four-headed hydra
  9964 | D:9      | Noticed Erica
  9985 | D:9      | Killed Erica
 10764 | D:10     | Entered Level 10 of the Dungeon
 11089 | D:10     | Noticed Urug
 11102 | D:10     | Killed Urug
 11455 | D:10     | Reached skill level 15 in Fighting
 11455 | D:10     | Reached skill level 15 in Axes
 11488 | D:10     | Noticed Harold
 11501 | D:10     | Killed Harold
 11702 | D:10     | Received a gift from Trog
 12213 | D:11     | Noticed an eight-headed hydra
 12219 | D:11     | Killed an eight-headed hydra
 12444 | D:11     | Noticed a hill giant
 12447 | D:11     | Killed a hill giant
 12579 | D:11     | Reached XP level 12. HP: 115/122 MP: 11/11
 13024 | D:12     | Found a staircase to the Orcish Mines.
 13057 | D:12     | Got a warped jade ring
 13078 | D:12     | Identified the ring of Charity {rPois rC+ Str+2 Int+5} (You found it on level 12 of the Dungeon)
 13525 | D:12     | Received a gift from Trog
 14465 | D:13     | Found a glowing golden altar of the Shining One.
 15720 | D:13     | Noticed a centaur warrior
 15727 | D:13     | Killed a centaur warrior
 16072 | D:14     | Reached ****** piety under Trog
 16171 | Orc:1    | Entered Level 1 of the Orcish Mines
 16176 | Orc:1    | Noticed an ettin
 16184 | Orc:1    | Mangled by an ettin

Skill      XL: |  1  2  3  4  5  6  7  8  9 10 11 12 |
---------------+-------------------------------------+-----
Fighting       | 4 5 6 7 9 10 12 14 15 17 | 17.5
Axes           | 4 5 6 7 9 10 12 14 15 17 | 17.6
Armour         | |  2.7
Dodging        | |  2.3

Action                   |  1- 3 |  4- 6 |  7- 9 | 10-12 || total
-------------------------+-------+-------+-------+-------++-------
Melee: Hand axe          |    69 |    84 |   255 |    45 ||   453
       Headbutt          |     9 |    21 |    54 |   112 ||   196
       Scythe            |       |    38 |   101 |       ||   139
       Battleaxe         |       |       |       |   347 ||   347
       Trident           |       |       |       |    31 ||    31
       Executioner's axe |       |       |       |   173 ||   173
Invok: Berserk           |     1 |     3 |     4 |    15 ||    23
  Use: Scroll            |       |       |     9 |    11 ||    20
       Potion            |       |       |     2 |     2 ||     4
  Eat: Chunk             |       |     8 |    14 |    27 ||    49
       Beef jerky        |       |     1 |       |       ||     1
       Pizza             |       |       |     1 |     6 ||     7
       Meat ration       |       |       |     1 |     3 ||     4
Armor: Animal skin       |     5 |       |       |       ||     5
       Scale mail        |     9 |    80 |   160 |     4 ||   253
       Chain mail        |       |       |       |   437 ||   437
       Plate armour      |       |       |       |     6 ||     6
Dodge: Dodged            |    48 |    68 |   150 |   231 ||   497
